 Dungeon Crawl Stone Soup version 0.21-a0-122-g43b3ea6 (webtiles) character file.

62425 grindst0ne the Fighter (level 15, 0/139 HPs)
             Began as a Formicid Abyssal Knight on July 13, 2017.
             Was the Champion of Lugonu.
             Slain by a vampire mosquito (6 damage)
             ... on level 14 of the Dungeon.
             The game lasted 01:20:32 (33638 turns).

grindst0ne the Fighter (Formicid Abyssal Knight)   Turns: 33638, Time: 01:20:32

Health: 0/139      AC: 27    Str: 24    XL:     15   Next: 46%
Magic:  0/19       EV: 15    Int: 16    God:    Lugonu [******]
Gold:   950        SH: 12    Dex: 16    Spells: 5/14 levels left

rFire    + + +     SeeInvis +   a - +2 great mace (protect)
rCold    x . .     Gourm    .   Y - +0 shield
rNeg     . . .     Faith    .   x - +0 fire dragon scales
rPois    +         Spirit   .   (helmet unavailable)
rElec    .         Reflect  .   u - +0 cloak
rCorr    .         Harm     .   w - +2 pair of gloves {Str+3}
MR       +....                  z - +1 pair of boots "Potzogo" {rPois rF+ Int+2}
Stlth    ..........             S - amulet of magic regeneration
HPRegen  0.33/turn              Z - +4 ring of dexterity
MPRegen  0.41/turn              Q - ring of poison resistance

@: protection aura
A: permanent stasis, dig shafts and tunnels, four strong arms, antennae 3,
repulsion field 1, thin skeletal structure 1, low mp 1, robust 1, screaming 1
a: Dig, Shaft Self, Depart the Abyss, Bend Space, Banish, Corrupt, Enter the
Abyss, Brand Weapon With Distortion, Renounce Religion


You were on level 14 of the Dungeon.
You worshipped Lugonu.
Lugonu was exalted by your worship.
You were not hungry.

You visited 2 branches of the dungeon, and saw 20 of its levels.
You visited the Abyss 1 time.

You collected 1452 gold pieces.
You spent 502 gold pieces at shops.

Inventory:

Hand Weapons
 a - a +2 great mace of protection (weapon)
 b - the +6 arbalest of the Fray {penet, Str+4 SInv}
   (You found it on level 10 of the Dungeon)

   Ammo fired by it will pass through the targets it hits, potentially hitting
   all targets in its path until it reaches maximum range.
   It affects your strength (+4).
   It lets you see invisible.
Missiles
 j - 94 bolts
Armour
 i - a +0 plate armour
 u - a +0 cloak (worn)
 w - a +2 pair of gloves of strength (worn)
 x - +0 fire dragon scales (worn)
 z - the +1 pair of boots "Potzogo" (worn) {rPois rF+ Int+2}
   (You found it on level 6 of the Dungeon)

   It affects your intelligence (+2).
   It protects you from fire.
   It protects you from poison.
 Y - a +0 shield (worn)
Jewellery
 k - an uncursed ring of resist corrosion
 l - an uncursed ring of protection from cold
 o - an uncursed ring of protection from magic
 Q - a ring of poison resistance (right hand)
 S - an amulet of magic regeneration (around neck)
 Z - a +4 ring of dexterity (left hand)
Wands
 C - a wand of acid (0/15)
 G - a wand of random effects (7/48)
 H - a wand of disintegration (0/24)
 L - a wand of digging (9/24)
 T - a wand of clouds (8/9)
Scrolls
 d - 3 scrolls of enchant weapon
 e - 2 scrolls of identify
 h - a scroll of fog {unknown}
 n - a scroll of fear
 p - 3 scrolls of remove curse
 r - 7 scrolls of amnesia
 v - a scroll of silence {unknown}
 y - 6 scrolls of magic mapping
 D - 2 scrolls of immolation {unknown}
 F - a scroll of blinking {unknown}
 J - a scroll of enchant armour
 N - a scroll of recharging
 P - a scroll of summoning {unknown}
Potions
 m - 4 potions of resistance
 q - a potion of cancellation
 s - 2 potions of curing
 I - a potion of mutation
 M - a potion of brilliance
 U - a potion of flight {unknown}
 W - 2 potions of magic {unknown}
 X - a potion of might
Books
 A - a book of Misfortune

   Spells                             Type                      Level
   a - Confusing Touch                Hexes                        1
   b - Confuse                        Hexes                        3
   c - Gell's Gravitas                Translocation                3
   d - Petrify                        Transmutation/Earth          4
   e - Metabolic Englaciation         Hexes/Ice                    5
   f - Yara's Violent Unravelling     Hexes/Transmutation          5
 E - a book of Debilitation

   Spells                             Type                      Level
   a - Corona                         Hexes                        1
   b - Slow                           Hexes                        2
   c - Inner Flame                    Hexes/Fire                   3
   d - Portal Projectile              Hexes/Translocation          3
   e - Cause Fear                     Hexes                        4
   f - Leda's Liquefaction            Hexes/Earth                  4
 O - a book of the Sky

   Spells                             Type                      Level
   a - Summon Lightning Spire         Summoning/Air                4
   b - Silence                        Hexes/Air                    5
   c - Deflect Missiles               Charms/Air                   6
   d - Conjure Ball Lightning         Conjuration/Air              6
   e - Tornado                        Air                          9
 V - a book of Spatial Translocations

   Spells                             Type                      Level
   a - Blink                          Translocation                2
   b - Shroud of Golubria             Charms/Translocation         2
   c - Lesser Beckoning               Translocation                3
   d - Gell's Gravitas                Translocation                3
   e - Teleport Other                 Translocation                3
   f - Passage of Golubria            Translocation                4
Comestibles
 c - 10 bread rations
 f - 9 meat rations
 g - 3 chunks of flesh
 t - 11 royal jellies
 B - 19 fruits


   Skills:
 + Level 14.4 Fighting
   Level 8.3(9.9) Axes
 * Level 8.5(10.0) Maces & Flails
 + Level 2.8 Crossbows
 - Level 14.0 Armour
 - Level 5.3 Dodging
 - Level 9.0 Shields
 * Level 5.5 Translocations
 - Level 8.2 Invocations
 - Level 6.4 Evocations


You had 5 spell levels left.
You knew the following spells:

 Your Spells              Type           Power        Failure   Level  Hunger
a - Passage of Golubria   Tloc           N/A          50%         4    #####..
b - Lesser Beckoning      Tloc           ###.......   17%         3    ####...
c - Shroud of Golubria    Chrm/Tloc      #.........   26%         2    ###....


Dungeon Overview and Level Annotations

Branches:
Dungeon (14/15)            Temple (0/1) D:4            Lair (6/6) D:8
 Shoals (0/4) Lair:2        Snake (0/4) Lair:3        Slime (0/5) Lair:5
    Orc (0/2) D:10
 Vaults: D:13-14

Altars:
Ashenzari
Cheibriados
Dithmenos
Elyvilon
Fedhas
Gozag
Nemelex Xobeh
Ru
Yredelemnul
Jiyva

Shops:
D:5 (*([

Annotations:
D:4 exclusion: downstairs
D:6 exclusion: 2 downstairs
D:8 exclusion: downstairs
D:14 Agnes
Lair:2 exclusion: 2 downstairs
Lair:5 exclusion: downstairs


Innate Abilities, Weirdness & Mutations

You cannot be hasted, slowed, berserked, paralysed or teleported.
You can dig through walls and to a lower floor.
Your four strong arms can wield two-handed weapons with a shield.
You have a pair of large antennae on your head. (SInv)
You are surrounded by a mild repulsion field. (EV +2)
You have a somewhat thin skeletal structure. (Dex +2, Stealth)
Your magical capacity is low. (-10% MP)
You are robust. (+10% HP)
You occasionally shout uncontrollably at your foes.


Message History

You don't have enough magic at the moment.
You feel much better. Agnes hits you but does no damage.
You block the vampire mosquito's attack.
The vampire mosquito barely misses you. The vampire mosquito misses you.
Okay, then.
Press: ? - help, v - describe, . - travel
Here: Agnes, wielding an antimagic lajatang and wearing a runed robe (unusually strong)
The floor, spattered with blood.
You don't have enough magic at the moment.
You bludgeon Agnes!!
Your weapon exudes an aura of protection.
Agnes is moderately wounded.
Agnes hits you with an antimagic lajatang!!
* * * LOW HITPOINT WARNING * * *
You feel your power leaking away.
You block the vampire mosquito's attack.
The vampire mosquito bites you but does no damage.
The vampire mosquito misses you. The vampire mosquito barely misses you.
The vampire mosquito bites you.
You die...

...# ...# #...# ...
#.§.# #...# . ..#§#.
#+###...####### ..#R.
#.............# .#.#.
#..######.....# #...#.
#..#....#.....#
#...#.##..#....#.....#
#...#..yy.#....'.....#
#.#..<@i.#....#.....#
..#.....y.Y....#.....#
.#.#...###...###..####
#...#.#...#.#..#..#
.....#.....#......#
#...#.#...#.#.....#
.#.#...###...###..# .#
..............#
#.....######i.##


You could see Agnes, an efreet, 3 vampire mosquitoes and a sky beast
(invisible).

Vanquished Creatures
  Frances (D:14)
  The ghost of grindst0ne the Fighter, a journeyman FoAK of Lugonu (Lair:3)
  A hydra (D:11)
  4 centaur warriors
  Erica (Lair:1)
  A catoblepas (Lair:5)
  2 two-headed ogres (D:12)
  A tengu warrior (D:14)
  A deep troll shaman (Lair:5)
  The ghost of sagitran the Cleaver, a novice DsAK of Lugonu (D:10)
  5 death yaks
  Urug (Lair:5)
  3 unseen horrors
  Pikel (D:7)
  A lindwurm (Lair:6)
  A wolf spider (Lair:5)
  2 ugly things
  2 oklob plants
  5 black mambas
  14 elephants
  A merfolk siren (Lair:2)
  A gargoyle (D:14)
  15 spiny frogs
  5 centaur skeletons
  7 komodo dragons
  3 rime drakes
  4 trolls
  3 polar bears
  A hornet (D:8)
  20 blink frogs
  5 dream sheep (Lair:6)
  A meliai zombie (D:13)
  3 slime creatures
  8 hippogriffs
  A spriggan (D:8)
  3 wyverns
  A wraith (D:12)
  28 yaks
  2 vampires
  2 steam dragons
  A hungry ghost (D:11)
  A basilisk (D:11)
  3 vampire mosquitoes (D:12)
  2 insubstantial wisps
  13 water moccasins
  Edmund (D:4)
  3 nagas (Lair:3)
  An acid dragon (D:12)
  4 orc warriors
  A floating eye (shapeshifter) (D:14)
  7 porcupines
  An eye of draining (D:13)
  5 sky beasts
  5 ice beasts
  2 phantoms
  3 black bears
  2 necrophages
  8 ogres
  20 wolves
  10 centaurs
  26 crocodiles
  8 big kobolds
  11 bullfrogs
  3 gnoll sergeants
  3 scorpions
  A wyvern skeleton (D:13)
  6 killer bees
  4 electric eels (D:7)
  6 howler monkeys
  8 crimson imps
  9 hounds
  8 jellies
  8 orc priests
  13 orc wizards
  9 iguanas
  8 worker ants
  A hound skeleton (D:9)
  2 howler monkey skeletons
  A howler monkey zombie (D:7)
  A worker ant zombie (D:5)
  7 gnolls
  14 adders
  2 shadow imps
  11 oozes (D:12)
  2 adder skeletons
  An adder zombie (D:5)
  5 dart slugs
  5 leopard geckos
  77 orcs
  4 bats
  10 giant cockroaches
  10 goblins
  6 hobgoblins
  20 jackals
  9 quokkas
  A ball python (D:5)
  5 frilled lizards
  20 kobolds
  A leopard gecko skeleton (D:8)
  A leopard gecko zombie (D:7)
  13 rats
  A fungus (Lair:1)
  A plant (Lair:2)
618 creatures vanquished.

Vanquished Creatures (others)
  A centaur (D:7)
  An electric eel (D:7)
  2 human simulacra (D:13)
  2 adder skeletons (D:7)
  3 dart slugs (D:7)
  2 orcs
  A quokka (D:7)
  2 bushes (Lair:6)
  52 fungi
  20 plants
  9 toadstools (Lair:2)
95 creatures vanquished.

Grand Total: 713 creatures vanquished

Notes
Turn   | Place    | Note
-------+----------+-------------------------------------------
     0 | Abyss:1  | grindst0ne the Formicid Abyssal Knight began the quest for the Orb.
     0 | Abyss:1  | Reached XP level 1. HP: 18/18 MP: 2/2
    76 | Abyss:1  | Found a sacrificial altar of Ru.
   129 | Abyss:1  | Noticed a ynoxinul
   140 | Abyss:1  | Noticed a smoke demon
   141 | D:1      | Escaped the Abyss
   185 | D:1      | Reached XP level 2. HP: 8/24 MP: 3/3
   599 | D:1      | Reached * piety under Lugonu
   670 | D:1      | Reached XP level 3. HP: 15/30 MP: 5/5
  1469 | D:2      | Reached XP level 4. HP: 32/37 MP: 6/6
  2077 | D:3      | Noticed an ogre
  2091 | D:3      | Killed an ogre
  2091 | D:3      | Reached XP level 5. HP: 17/43 MP: 6/8
  2485 | D:3      | Reached ** piety under Lugonu
  2616 | D:3      | Reached skill level 1 in Shields
  2637 | D:3      | Reached XP level 6. HP: 49/49 MP: 9/9
  3056 | D:4      | Reached skill level 5 in Fighting
  3149 | D:4      | Found a staircase to the Ecumenical Temple.
  3177 | D:4      | Reached XP level 7. HP: 34/56 MP: 10/10
  3549 | D:4      | Reached *** piety under Lugonu
  3653 | D:4      | Found a white marble altar of Elyvilon.
  3955 | D:5      | Entered Level 5 of the Dungeon
  3986 | D:5      | Found Wutisch's Antique Armour Boutique.
  3988 | D:5      | Noticed Edmund
  4105 | D:5      | Found Xaedenn's Weapon Shoppe.
  4203 | D:5      | Reached skill level 5 in Shields
  4212 | D:5      | Reached XP level 8. HP: 35/63 MP: 11/11
  4249 | D:5      | Found Sedidet's Assorted Antiques.
  4294 | D:5      | Reached skill level 5 in Armour
  4555 | D:4      | Gained mutation: You are robust. (+10% HP) [mutagenic meat]
  4556 | D:4      | Gained mutation: Your magical capacity is low. (-10% MP) [mutagenic meat]
  4557 | D:4      | Gained mutation: You occasionally shout uncontrollably at your foes. [mutagenic meat]
  4583 | D:4      | Killed Edmund
  4773 | D:5      | Found Taxzio's Antique Weapon Shop.
  5246 | D:5      | Found an opulent altar of Gozag.
  5268 | D:5      | Bought a pair of glowing gloves for 225 gold pieces
  5287 | D:6      | Found a basalt altar of Yredelemnul.
  5417 | D:6      | Reached XP level 9. HP: 78/78 MP: 11/11
  5872 | D:6      | Got a pair of smoking boots
  5896 | D:6      | Identified the +1 pair of boots "Potzogo" {rPois rF+ Int+2} (You found it on level 6 of the Dungeon)
  6015 | D:6      | Found a shadowy altar of Dithmenos.
  6678 | D:7      | Noticed Pikel
  6700 | D:7      | Killed Pikel
  6704 | D:7      | Reached **** piety under Lugonu
  6729 | D:7      | Found a shattered altar of Ashenzari.
  8154 | D:8      | Found a sparkling altar of Nemelex Xobeh.
  8191 | D:8      | Found a staircase to the Lair.
  8221 | D:8      | Reached skill level 1 in Evocations
  8403 | D:8      | Reached XP level 10. HP: 76/87 MP: 11/11
  9250 | D:9      | Noticed a purple ugly thing
  9312 | D:8      | Killed a purple ugly thing
  9573 | D:8      | Reached skill level 5 in Evocations
 10334 | D:9      | Found a snail-covered altar of Cheibriados.
 10707 | D:9      | Reached XP level 11. HP: 99/99 MP: 14/14
 10803 | D:9      | Reached skill level 10 in Fighting
 10818 | D:9      | Reached ***** piety under Lugonu
 11877 | D:10     | Entered Level 10 of the Dungeon
 11884 | D:10     | Reached skill level 10 in Armour
 11946 | D:10     | Noticed sagitran's ghost (novice DsAK)
 12050 | Lair:1   | Entered Level 1 of the Lair of Beasts
 12353 | Lair:1   | Noticed Erica
 12397 | Lair:1   | Killed Erica
 12894 | Lair:1   | Reached skill level 5 in Axes
 13878 | Lair:2   | Noticed a merfolk siren
 13883 | Lair:2   | Killed a merfolk siren
 13898 | Lair:2   | Found a staircase to the Shoals.
 14001 | Lair:2   | HP: 7/153 [spiny frog (12)]
 14488 | Lair:2   | Reached XP level 12. HP: 45/110 MP: 15/15
 15474 | Lair:2   | Found a sacrificial altar of Ru.
 15570 | Lair:2   | Found a blossoming altar of Fedhas.
 16466 | Lair:3   | Noticed grindst0ne's ghost (journeyman FoAK)
 17190 | Lair:3   | Found a staircase to the Snake Pit.
 18017 | Lair:3   | HP: 5/112 [poisoned by a spiny frog]
 18023 | Lair:3   | HP: 5/112 [poisoned by a spiny frog]
 18031 | Lair:3   | HP: 5/112 [poisoned by a spiny frog]
 19187 | Lair:3   | Killed grindst0ne's ghost
 20307 | Lair:4   | Reached skill level 1 in Dodging
 20790 | Lair:5   | Reached XP level 13. HP: 12/119 MP: 14/16
 20798 | Lair:5   | HP: 5/119 [poisoned by a black mamba]
 20803 | Lair:5   | HP: 3/119 [poisoned by a black mamba]
 20809 | Lair:4   | HP: 2/119 [poisoned by a black mamba]
 20816 | Lair:4   | HP: 2/119 [poisoned by a black mamba]
 20824 | Lair:4   | HP: 3/119 [poisoned by a black mamba]
 21249 | Lair:5   | Noticed Urug
 21279 | Lair:5   | Killed Urug
 21279 | Lair:5   | Reached skill level 5 in Invocations
 21712 | Lair:5   | Found a viscous altar of Jiyva.
 21712 | Lair:5   | Found a staircase to the Slime Pits.
 21761 | Lair:6   | Entered Level 6 of the Lair of Beasts
 23482 | Lair:5   | Reached skill level 5 in Dodging
 24015 | Lair:6   | Noticed a catoblepas
 24430 | D:5      | Bought a +2 great mace of protection for 277 gold pieces
 24678 | Lair:3   | Reached skill level 1 in Maces & Flails
 25194 | Lair:5   | Killed a catoblepas
 26201 | Lair:6   | Reached XP level 14. HP: 95/129 MP: 18/18
 26899 | Lair:6   | Reached skill level 5 in Maces & Flails
 27067 | Lair:6   | Learned a level 4 spell: Passage of Golubria
 27071 | Lair:6   | Learned a level 3 spell: Lesser Beckoning
 27074 | Lair:6   | Learned a level 2 spell: Shroud of Golubria
 27239 | Lair:6   | Reached skill level 1 in Translocations
 28841 | D:10     | Got a faintly glowing arbalest
 28842 | D:10     | Identified the +6 arbalest of the Fray {penet, Str+4 SInv} (You found it on level 10 of the Dungeon)
 29285 | D:10     | Killed sagitran's ghost
 29790 | D:10     | Found a staircase to the Orcish Mines.
 29793 | D:10     | Reached ****** piety under Lugonu
 30649 | D:11     | Reached skill level 1 in Crossbows
 31290 | D:12     | Reached XP level 15. HP: 137/138 MP: 19/19
 32304 | D:12     | Found a sacrificial altar of Ru.
 32712 | D:13     | Gained mutation: You have a somewhat thin skeletal structure. (Dex +2, Stealth) [mutagenic meat]
 32713 | D:13     | Gained mutation: Your spells are a little harder to cast, but a little more powerful. [mutagenic meat]
 32714 | D:13     | Lost mutation: Your spells are a little harder to cast, but a little more powerful. [mutagenic meat]
 32715 | D:13     | Gained mutation: You are surrounded by a mild repulsion field. (EV +2) [mutagenic meat]
 32933 | D:13     | Reached skill level 5 in Translocations
 33360 | D:14     | Found an opulent altar of Gozag.
 33455 | D:14     | Noticed Frances
 33507 | D:14     | Killed Frances
 33621 | D:14     | Noticed Agnes
 33638 | D:14     | HP: 6/139 [Agnes/antimagic lajatang (33)]
 33638 | D:14     | Slain by a vampire mosquito

Vault maps used:
D:1:      sevenhm_arrival_forest_fort_small_4, minmay_misc_feat_enclosed
D:2:      first_bread
D:4:      elyvilon_altar_3, minmay_temple_entry_junction
D:5:      kennysheep_mini, serial_shops, nicolae_shop_stone, shop, shop, shop,
          grunt_tough_drop, uniq_edmund
D:6:      basic_altar, grunt_dithmenos_shadows
D:7:      kennysheep_slugbush, lemuel_doored_altar, uniq_pikel
D:8:      nemelex_xobeh_ov_fountains_minmay, lair_entry_dummy, the_bakery
D:9:      kennysheep_little_box, hangedman_misty_isle
D:10:     kennysheep_orc_monster_closet_entryway, minmay_misc_feat_columns
D:11:     minmay_lizard_king
D:12:     lemuel_slime, nicolae_ru_the_path_less_chosen
D:13:     bh_circular_ruins
D:14:     david_vaults_2, nicolae_gozag_seed_capital, nicolae_twisting_strands,
          uniq_agnes, uniq_frances, uniq_roxanne
Lair:1:   uniq_erica
Lair:2:   minmay_shoals_entry_lonely_mermaid, basic_altar, tgw_fedhas
Lair:3:   minmay_snake_entry_guardpost_small, beast_lair_carwin_7
Lair:5:   dpeg_slime_entry_enclosed_altar, uniq_urug
Lair:6:   grunt_lair_end_beastmaster

Skill      XL: |  1  2  3  4  5  6  7  8  9 10 11 12 13 14 15 |
---------------+----------------------------------------------+-----
Invocations    | 3 4 8 |  8.2
Fighting       | 4 5 6 8 9 11 12 13 14 | 14.4
Armour         | 3 4 6 8 9 11 12 13 14 | 14.0
Shields        | 1 3 5 7 8 9 |  9.0
Evocations     | 2 6 |  6.4
Axes           | 4 7 8 |  8.3
Dodging        | 1 5 |  5.3
Maces & Flails | 3 7 8 |  8.5
Translocations | 4 5 |  5.5
Crossbows      | 1 2 |  2.8

Action                   |  1- 3 |  4- 6 |  7- 9 | 10-12 | 13-15 || total
-------------------------+-------+-------+-------+-------+-------++-------
Melee: Hand axe          |     6 |       |       |       |       ||     6
       Dagger            |    83 |   243 |   655 |   555 |       ||  1536
       Scimitar          |       |       |       |   507 |   278 ||   785
       War axe           |       |       |       |    28 |       ||    28
       Great mace        |       |       |       |       |   912 ||   912
 Fire: Arbalest          |       |       |       |       |     3 ||     3
Invok: Depart the Abyss  |     1 |       |       |       |       ||     1
       Bend Space        |       |       |       |     9 |    25 ||    34
 Abil: Dig               |     1 |     8 |    24 |    36 |    45 ||   114
Evoke: Wand              |       |       |       |    30 |    55 ||    85
  Use: Scroll            |     3 |     2 |     6 |     7 |     7 ||    25
       Potion            |       |     2 |     2 |    15 |     3 ||    22
 Stab: Distracted        |       |       |     1 |       |       ||     1
       Paralysed         |       |       |       |     6 |     4 ||    10
       Petrified         |       |       |       |       |     2 ||     2
  Eat: Chunk             |     2 |     7 |    20 |    34 |    39 ||   102
       Bread ration      |       |       |     1 |     3 |     4 ||     8
Armor: Leather armour    |    25 |     4 |       |       |       ||    29
       Plate armour      |       |   128 |   205 |       |       ||   333
       Fire dragon scale |       |       |   128 |   634 |   815 ||  1577
       Skin              |       |       |       |     6 |       ||     6
Dodge: Dodged            |    66 |    68 |   155 |   591 |   707 ||  1587
Block: Buckler           |       |    28 |   137 |   314 |   230 ||   709
       Shield            |       |       |       |       |   315 ||   315
       Rpst.: Scimitar   |       |       |       |   104 |    71 ||   175
